 Dungeon Crawl Stone Soup version 0.26-a0-1060-g086102a3f0 (webtiles) character file.

Game seed: 18013144517746006853

42 Dracia the Chiller (level 3, -6/24 HPs)
             Began as a Merfolk Ice Elementalist on Dec 13, 2020.
             Killed by nerve-wracking pain
             ... invoked by Jessica
              (10 damage)
             ... on level 2 of the Dungeon.
             The game lasted 00:03:06 (1690 turns).

Dracia the Chiller (Merfolk Ice Elementalist)       Turns: 1690, Time: 00:03:06

Health: -6/24      AC:  5    Str:  9    XL:     3   Next: 56%
Magic:  1/6        EV: 11    Int: 14    God:
Gold:   67         SH:  0    Dex: 14    Spells: 2/6 levels left

rFire    . . .     SeeInvis .   d - +0 dagger
rCold    . . .     Faith    .   (no shield)
rNeg     . . .     Spirit   .   k - +0 ring mail
rPois    .         Reflect  .   (no helmet)
rElec    .         Harm     .   (no cloak)
rCorr    .         Rampage  .   (no gloves)
Will     .....                  (no boots)
Stlth    +.........             (no amulet)
HPRegen  0.08/turn              (no ring)
MPRegen  0.10/turn              (no ring)

@: no status effects
A: change form in water, swift swim, stealthy swim
a: no special abilities


You were on level 2 of the Dungeon.
You visited 1 branch of the dungeon, and saw 2 of its levels.

You collected 67 gold pieces.


   Skills:
 + Level 0.6 Armour
 * Level 3.6 Dodging
 + Level 2.7 Stealth
 + Level 2.3 Spellcasting
 + Level 4.6 Ice Magic


You had 2 spell levels left.
You knew the following spells:

 Your Spells              Type           Power        Failure   Level
r - Frozen Ramparts       Ice            ##....       28%         3
z - Freeze                Ice            ##..         10%         1

Your spell library contained the following spells:

 Spells                   Type           Power        Failure   Level
 Ozocubu's Armour         Ice            ##......     28%         3
 Hailstorm                Conj/Ice       #.......     94%         4
 Summon Ice Beast         Ice/Summ       #.......     94%         4

Inventory:

Hand Weapons
 b - a -1 hand axe
 d - a +0 dagger (weapon)
Armour
 a - a +0 robe
 i - a +0 leather armour
 k - a +0 ring mail (worn)
Jewellery
 g - a +4 ring of slaying {unknown}
Scrolls
 c - 3 scrolls of remove curse {@r2@r2}
 e - a scroll of teleportation {unknown}
 f - a scroll of identify {unknown}
 h - a scroll of magic mapping {unknown}
 j - a scroll of enchant armour {unknown}

Dungeon Overview and Level Annotations

Branches:
Dungeon (2/15)

Altars:

Annotations:
D:2 Jessica

...............##
...........#...#
...####.....#.....
#.......#.#...#...
#.#######†##>###.. #.#
#.# .# ## #.# #.# .#
#{# #.##.#
#@######.#.#.#
#@......###.(#
.......#######.#.######
..####. #.........# ##
#.##.####.# #.##.#
#.##.# #.##.# .....#


You could see a +2 spectral club (summoned) and Jessica (fast).


Message History

Jessica draws out her weapon's spirit!
Jessica grins evilly.
Jessica points at you and mumbles some strange words.
You resist with some effort.
Jessica mumbles some strange words.
Jessica blinks!
Casting: Freeze (safe; 10% risk of failure)
Confirm with . or Enter, or press ? or * to list all spells.
You can't see any susceptible monsters within range! (Use Z to cast anyway.) Jessica misses you.
Unknown command.
You hit Jessica but do no damage. The spectral weapon hits you.
* * * LOW HITPOINT WARNING * * *
Jessica closely misses you.
You hit Jessica.
Jessica is moderately wounded.
The spectral weapon closely misses you. Jessica hits you but does no damage.
The spectral weapon hits you but does no damage.
Casting: Freeze (safe; 10% risk of failure)
Confirm with . or Enter, or press ? or * to list all spells.
Aiming: Freeze (safe; 10% risk of failure)
Press: ? - help, Shift-Dir - straight line, f - spectral weapon
Aim: a +2 spectral club (summoned)
The spectral weapon completely resists.
You freeze the spectral weapon but do no damage.
Jessica hits you but does no damage. The spectral weapon hits you.
* * * LOW HITPOINT WARNING * * *
Jessica gestures at you while chanting. Pain shoots through your body!
You die...

Skill      XL: |  1 |
---------------+----+-----
Dodging        | 3 |  3.6
Armour         | |  0.6
Stealth        | |  2.7
Spellcasting   | |  2.3
Ice Magic      | |  4.6

Action                   || total
-------------------------++-------
Melee: Hand axe          ||    13
       Unarmed           ||     1
       Dagger            ||    33
 Cast: Freeze            ||    39
  Use: Scroll            ||     1
 Stab: Sleeping          ||     2
Armor: Robe              ||     5
       Ring mail         ||     3
       Leather armour    ||     2
Dodge: Dodged            ||    33

Levels and vault maps discovered:
D:1:      dpeg_arrival_stonehenge_12_columns, layout_loops_ring
D:2:      layout_loops_ring, st_stairs_10, uniq_jessica, uniq_terence,
          uniq_sigmund, uniq_robin

Notes
Turn   | Place    | Note
-------+----------+-------------------------------------------
     0 | D:1      | Dracia the Merfolk Ice Elementalist began the quest for the
                  | Orb.
     0 | D:1      | Reached XP level 1. HP: 13/13 MP: 3/3
   446 | D:1      | Reached skill level 3 in Dodging
   495 | D:1      | Reached XP level 2. HP: 19/19 MP: 5/5
  1018 | D:1      | Reached XP level 3. HP: 24/24 MP: 6/6
  1520 | D:2      | Learned a level 3 spell: Frozen Ramparts
  1663 | D:2      | Noticed Jessica
  1690 | D:2      | Killed from afar by Jessica

Vanquished Creatures
  An adder (D:2)
  A dart slug (D:1)
  A leopard gecko (D:1)
  3 bats (D:1)
  A giant cockroach (D:1)
  5 goblins (D:1)
  6 hobgoblins (D:1)
  2 jackals (D:1)
  A kobold (D:1)
  A ball python (D:1)
  A frilled lizard (D:1)
  3 rats (D:1)
26 creatures vanquished.

Table legend: (Time is in decaauts)
 A = Elapsed time spent in this place.
 B = Non-inter-level travel time spent in this place.
 C = Inter-level travel time spent in this place.
 D = Time resting spent in this place.
 E = Time spent auto-exploring this place.
 F = Levels seen in this place.
 G = Mean time per level.
                   A        B        C        D        E       F      G
               +--------+--------+--------+--------+--------+-----+--------+
         Total |   1692 |   1649 |     43 |    336 |   1064 |   2 |  846.0 |
       Dungeon |   1692 |   1649 |     43 |    336 |   1064 |   2 |  846.0 |
               +--------+--------+--------+--------+--------+-----+--------+

Top non-repeatable levels by time:
     D:1: 1517 daAuts
     D:2: 174 daAuts

Table legend:
 A = Non-vault XP
 B = Vault XP
 C = Vault XP percentage of total XP
 D = Non-vault monster count
 E = Vault monster count
 F = Vault count percentage of total count
                 A         B        C        D         E       F
            +---------+---------+-------+---------+---------+-------
      Total |      61 |       0 |   0.0 |      26 |       0 |   0.0
            +---------+---------+-------+---------+---------+-------
        D:1 |      47 |       0 |   0.0 |      25 |       0 |   0.0
        D:2 |      14 |       0 |   0.0 |       1 |       0 |   0.0
            +---------+---------+-------+---------+---------+-------
